Map: [ESL] Data-C

Players

ShaDoWn

  • Race: Protoss Protoss
  • Spawn Location: 3:00

ShoWTimE - Winner!

  • Race: Protoss Protoss
  • Spawn Location: 9:00

Event: DreamHack SC2 Masters 2022 Atlanta (Online)

VOD

Have the link to the VOD?

Description

Time

  • Played on: Oct. 7, 2022, 2:51 p.m.
  • Length: 6:32

All games in this series

Show
View Real Time Build Order
Export as new Build Order

ShaDoWn Protoss 

Build Orders:  

Get SALT Encoding   

  12  0:00  Probe  
  13  0:12  Probe  
  14  0:19  Pylon  
  14  0:24  Probe  
  15  0:37  Probe (Chrono Boost), Gateway  
  16  0:47  Assimilator  
  16  0:48  Probe (Chrono Boost)  
  17  0:53  Probe (Chrono Boost)  
  17  0:56  Assimilator  
  18  1:04  Probe (Chrono Boost)  
  19  1:06  Pylon  
  19  1:16  Probe (Chrono Boost)  
  20  1:23  Probe (Chrono Boost)  
  20  1:24  Cybernetics Core  
  21  1:30  Probe  
  21  1:32  Zealot  
  24  1:42  Probe  
  25  1:54  Probe  
  25  2:00  Warp Gate (Chrono Boost)  
  26  2:02  Pylon  
  26  2:03  Stalker  
  26  2:06  Probe  
  29  2:24  Robotics Facility  
  29  2:33  Stalker  
  31  2:37  Gateway  
  31  2:43  Gateway  
  31  2:52  Shield Battery  
  31  3:03  Stalker  
  33  3:09  Warp Prism (Chrono Boost)  
  35  3:22  Pylon  
  35  3:47  Stalker x3  
  41  3:51  Pylon  
  41  4:02  Observer  
  42  4:11  Stalker x3  
  48  4:33  Pylon  
  47  4:53  Stalker x3, Pylon  
  53  5:17  Stalker x3  
  59  5:24  Pylon  
  47  5:59  Stalker x3  
  47  6:24  Stalker x3  
Show
View Real Time Build Order
Export as new Build Order

ShoWTimE Protoss - Winner!

Build Orders: Proxy Void Ray 

Get SALT Encoding   

  12  0:00  Probe  
  13  0:12  Probe  
  14  0:20  Pylon  
  14  0:24  Probe  
  15  0:38  Probe (Chrono Boost)  
  15  0:39  Gateway  
  16  0:47  Probe (Chrono Boost), Assimilator  
  17  0:52  Probe (Chrono Boost)  
  18  1:04  Probe (Chrono Boost)  
  18  1:08  Assimilator  
  18  1:09  Pylon  
  19  1:16  Probe (Chrono Boost)  
  20  1:24  Probe (Chrono Boost)  
  21  1:26  Cybernetics Core  
  21  1:30  Probe  
  22  1:40  Zealot  
  22  1:43  Probe  
  25  1:55  Probe  
  26  2:03  Stargate  
  26  2:05  Adept (Chrono Boost)  
  28  2:18  Warp Gate  
  28  2:26  Nexus  
  28  2:33  Pylon  
  28  2:38  Probe  
  33  2:59  Shield Battery  
  33  3:00  Void Ray (Chrono Boost)  
  33  3:07  Stalker  
  36  3:18  Shield Battery  
  36  3:24  Gateway  
  39  3:43  Void Ray (Chrono Boost)  
  39  3:49  Probe  
  39  3:50  Shield Battery  
  39  3:51  Probe  
  41  4:06  Stalker  
  47  4:19  Void Ray  
  47  4:21  Probe x2  
  47  4:22  Pylon  
  49  4:30  Stalker  
  51  4:32  Sentry  
  51  4:38  Pylon  
  53  4:48  Shield Battery  
  53  4:51  Shield Battery  
  53  4:56  Stalker  
  55  5:03  Stalker  
  57  5:11  Probe x2  
  59  5:20  Pylon  
  59  5:23  Probe  
  59  5:27  Void Ray (Chrono Boost)  
  64  5:29  Stalker  
  66  5:39  Stalker  
  66  5:53  Stalker  
  66  5:55  Probe  
  66  5:56  Probe  
  66  6:00  Pylon  
  66  6:03  Stalker  
  68  6:08  Probe  
  68  6:10  Probe  
  64  6:23  Stalker  
Tags
 
Add a new tag
Caveats
  • Supply blocks, unpowered buildings, or Contaminate may cause inaccurate times.
  • Supply counts are checked every 10 seconds.